 Dungeon Crawl Stone Soup version 0.28.0 (webtiles) character file.

Game seed: 16417331663821938048

131 Sanktem7 the Conjurer (level 5, 0/37 HPs)
             Began as a Gnoll Conjurer on Feb 8, 2022.
             Killed by divine providence
             ... invoked by an orc priest
              (11 damage)
             ... on level 3 of the Dungeon.
             The game lasted 00:04:26 (1977 turns).

Sanktem7 the Conjurer (Gnoll Conjurer)              Turns: 1977, Time: 00:04:27

Health: 0/37       AC:  2    Str:  6    XL:     5   Next: 14%
Magic:  3/12       EV: 13    Int: 19    God:
Gold:   117        SH:  0    Dex: 11    Spells: 11/14 levels left

rFire   . . .      SeeInvis .     - Unarmed
rCold   . . .      Faith    .   (no shield)
rNeg    . . .      Spirit   .   a - +0 robe
rPois   .          Reflect  .   g - +0 hat
rElec   .          Harm     .   b - scarf {+Inv}
rCorr   .          Rampage  .   (no gloves)
Will    .....                   (no boots)
Stlth   ++........              (no amulet)
HPRegen 0.12/turn               (no ring)
MPRegen 0.13/turn               (no ring)

@: no status effects
A: fangs 1, strong nose, distributed training
a: Evoke Invisibility


You were on level 3 of the Dungeon.
You visited 1 branch of the dungeon, and saw 3 of its levels.

You collected 117 gold pieces.

Inventory:

Armour
 a - a +0 robe (worn)
 b - a scarf of invisibility (worn)
 g - a +0 hat (worn)
Scrolls
 c - a scroll of amnesia
Potions
 d - a potion of curing {unknown}
 e - a potion of lignification {unknown}
 f - a potion of heal wounds {unknown}


   Skills:
 + Level 1.4 Fighting
 + Level 1.4 Short Blades
 + Level 1.4 Long Blades
 + Level 1.4 Axes
 + Level 1.4 Maces & Flails
 + Level 1.4 Polearms
 + Level 1.4 Staves
 + Level 1.4 Slings
 + Level 1.4 Bows
 + Level 1.4 Crossbows
 + Level 1.4 Throwing
 + Level 1.4 Armour
 + Level 4.7 Dodging
 + Level 4.3 Stealth
 + Level 1.4 Shields
 + Level 1.4 Unarmed Combat
 + Level 5.1 Spellcasting
 + Level 7.2 Conjurations
 + Level 1.1 Hexes
 + Level 1.1 Summonings
 + Level 1.1 Necromancy
 + Level 1.1 Translocations
 + Level 1.1 Transmutations
 + Level 1.1 Fire Magic
 + Level 1.1 Ice Magic
 + Level 1.1 Air Magic
 + Level 1.1 Earth Magic
 + Level 1.1 Poison Magic
 + Level 1.5 Invocations
 + Level 1.4 Evocations


You had 11 spell levels left.
You knew the following spells:

 Your Spells              Type           Power      Damage    Failure   Level
a - Magic Dart            Conj           100%       1d8       1%          1
b - Searing Ray           Conj           64%        2d6       1%          2

Your spell library contained the following spells:

 Spells                   Type           Power      Damage    Failure   Level
 Dazzling Flash           Conj/Hex       40%        N/A       7%          3
 Call Canine Familiar     Summ           9%         N/A       22%         3
 Portal Projectile        Hex/Tloc       18%        N/A       22%         3
 Fulminant Prism          Conj/Hex       10%        3d9       22%         4
 Iskenderun's Mystic Bla  Conj/Tloc      20%        2d6       22%         4
 Leda's Liquefaction      Hex/Erth       4%         N/A       58%         4


Dungeon Overview and Level Annotations

Branches:
Dungeon (3/15)

Altars:

Shops:
D:2 *


Innate Abilities, Weirdness & Mutations

You have very sharp teeth.
Your uncanny sense of smell can sniff out nearby items.
Your experience applies equally to all skills.


Message History

An orc comes into view. It is wielding a +0 trident.
The searing ray hits Ijyb.
Ijyb is almost dead.
You finish channelling your searing ray.
Ijyb zaps a wand.
The puff of flame hits you!
A gnoll comes into view. It is wielding a +0 whip.
An orc priest comes into view. It is wielding a +0 dagger.
Ijyb zaps a wand.
The puff of flame hits you.
Casting: Searing Ray (safe; 1% risk of failure)
Confirm with . or Enter, or press ? or * to list all spells.
Aiming: Searing Ray (safe; 1% risk of failure)
Press: ? - help, Shift-Dir - straight line, f/p - Ijyb
Aim: Ijyb, wielding a +0 dagger, wearing a +0 leather armour and carrying a wand of flame (12) (almost dead, 76% to hit)
The searing ray hits Ijyb!
You kill Ijyb!
The searing ray hits the orc!
You kill the orc! (Press . to maintain the ray.)
You have reached level 5!
Without enough magic to sustain it, your searing ray dissipates.
Casting: Searing Ray (safe; 1% risk of failure)
Confirm with . or Enter, or press ? or * to list all spells.
You don't have enough magic to cast this spell.
The orc priest miscasts a cantrip.
The orc priest calls down the wrath of Beogh upon you.
Beogh smites you!
* * * LOW HITPOINT WARNING * * *
Casting: Searing Ray (safe; 1% risk of failure)
Confirm with . or Enter, or press ? or * to list all spells.
Aiming: Searing Ray (safe; 1% risk of failure)
Press: ? - help, Shift-Dir - straight line, f - gnoll
Aim: a gnoll, wielding a +0 whip (83% to hit)
The searing ray hits the gnoll.
The gnoll is moderately wounded.
The searing ray hits the orc priest.
The orc priest is moderately wounded. (Press . to maintain the ray.)
The orc priest calls down the wrath of Beogh upon you.
Beogh smites you!
You die...

#...#.# #...#.#
#.#.#.# #.#.#.#
#.#.#o# #.#.#.#
#.#.#.# #.#.#g#
#.#.#@#
#.o#.#.#.#
#o.#.#.#.#
#..#.#.#'###
###..#.......#
#....#.......#
#....#.......#
..###..#...#.###
......)).<...#


You could see an orc priest and a gnoll.

Vanquished Creatures
  Ijyb (D:3)
  5 gnolls
  3 adders (D:2)
  2 dart slugs (D:1)
  An orc (D:3)
  3 endoplasms
  4 goblins (D:2)
  2 hobgoblins (D:1)
  3 ball pythons
  A bat (D:1)
  5 kobolds
  4 rats
34 creatures vanquished.

Notes
Turn   | Place    | Note
-------+----------+-------------------------------------------
     0 | D:1      | Sanktem7 the Gnoll Conjurer began the quest for the Orb.
     0 | D:1      | Reached XP level 1. HP: 13/13 MP: 6/6
   130 | D:1      | Reached XP level 2. HP: 20/20 MP: 3/7
   292 | D:1      | Learned a level 2 spell: Searing Ray
   427 | D:1      | Found a faded altar of an unknown god.
   831 | D:2      | Reached skill level 5 in Spellcasting
   831 | D:2      | Reached XP level 3. HP: 25/25 MP: 4/9
   963 | D:2      | Reached skill level 1 in Invocations
   972 | D:2      | Reached skill level 1 in Fighting
   972 | D:2      | Reached skill level 1 in Short Blades
   972 | D:2      | Reached skill level 1 in Long Blades
   972 | D:2      | Reached skill level 1 in Axes
   972 | D:2      | Reached skill level 1 in Maces & Flails
   972 | D:2      | Reached skill level 1 in Polearms
   972 | D:2      | Reached skill level 1 in Staves
   972 | D:2      | Reached skill level 1 in Slings
   972 | D:2      | Reached skill level 1 in Bows
   972 | D:2      | Reached skill level 1 in Crossbows
   972 | D:2      | Reached skill level 1 in Throwing
   972 | D:2      | Reached skill level 1 in Armour
   972 | D:2      | Reached skill level 1 in Shields
   972 | D:2      | Reached skill level 1 in Unarmed Combat
   972 | D:2      | Reached skill level 1 in Evocations
   976 | D:2      | Reached XP level 4. HP: 13/32 MP: 0/11
  1447 | D:2      | Found Roofaum's Assorted Antiques.
  1525 | D:2      | Reached skill level 1 in Hexes
  1525 | D:2      | Reached skill level 1 in Summonings
  1525 | D:2      | Reached skill level 1 in Necromancy
  1525 | D:2      | Reached skill level 1 in Translocations
  1525 | D:2      | Reached skill level 1 in Transmutations
  1525 | D:2      | Reached skill level 1 in Fire Magic
  1525 | D:2      | Reached skill level 1 in Ice Magic
  1525 | D:2      | Reached skill level 1 in Air Magic
  1525 | D:2      | Reached skill level 1 in Earth Magic
  1525 | D:2      | Reached skill level 1 in Poison Magic
  1930 | D:3      | Noticed Ijyb
  1940 | D:3      | Killed Ijyb
  1941 | D:3      | Reached XP level 5. HP: 18/37 MP: 1/12
  1977 | D:3      | Killed from afar by an orc priest

Illustrated notes

Levels and vault maps discovered:
D:1:      saegor_arrival_simple_d, layout_basic,
          shapermc_ecumenical_altar_totnotflames
D:2:      layout_basic, serial_shops, nicolae_shop_overgrown_old_shop
D:3:      layout_basic, uniq_robin, uniq_ijyb

Skill      XL: |  1  2  3  4 |
---------------+-------------+-----
Spellcasting   | 5 |  5.1
Invocations    | 1 |  1.5
Fighting       | 1 |  1.4
Short Blades   | 1 |  1.4
Long Blades    | 1 |  1.4
Axes           | 1 |  1.4
Maces & Flails | 1 |  1.4
Polearms       | 1 |  1.4
Staves         | 1 |  1.4
Slings         | 1 |  1.4
Bows           | 1 |  1.4
Crossbows      | 1 |  1.4
Throwing       | 1 |  1.4
Armour         | 1 |  1.4
Shields        | 1 |  1.4
Unarmed Combat | 1 |  1.4
Evocations     | 1 |  1.4
Hexes          | 1 |  1.1
Summonings     | 1 |  1.1
Necromancy     | 1 |  1.1
Translocations | 1 |  1.1
Transmutations | 1 |  1.1
Fire Magic     | 1 |  1.1
Ice Magic      | 1 |  1.1
Air Magic      | 1 |  1.1
Earth Magic    | 1 |  1.1
Poison Magic   | 1 |  1.1
Dodging        | |  4.7
Stealth        | |  4.3
Conjurations   | |  7.2

Action                   |  1- 3 |  4- 6 || total
-------------------------+-------+-------++-------
Melee: Unarmed           |     1 |     5 ||     6
 Cast: Magic Dart        |    41 |    30 ||    71
       Searing Ray       |     1 |     3 ||     4
  Use: Scroll            |       |     1 ||     1
Dodge: Dodged            |    10 |     8 ||    18
